 Dungeon Crawl Stone Soup version 0.31.0-9-g3a7656b989 (webtiles) character file.

Game seed: 11093563835958571797

8 Colgate the Poker (level 2, 12/24 HPs)
             Began as a Demonspawn Cinder Acolyte on Feb 2, 2024.
             Was a High Priest of Ignis.
             Quit the game on level 1 of the Dungeon.
             The game lasted 00:00:18 (314 turns).

Colgate the Poker (Demonspawn Cinder Acolyte)        Turns: 314, Time: 00:00:18

Health: 12/24      AC:  3    Str: 14    XL:     2   Next: 0%
Magic:  3/3        EV: 11    Int: 14    God:    Ignis [*****.]
Gold:   29         SH:  0    Dex:  8    Spells: 3/3 levels left

rFire   + . .        a - -1 spear (flame)
rCold   . . .        (no shield)
rNeg    . . .        b - +0 robe
rPois   .            (no helmet)
rElec   .            (no cloak)
rCorr   .            (no gloves)
SInv    .            (no boots)
Will    .....        (no amulet)
Stlth   +            (no ring)
HPRegen 0.24/turn    (no ring)
MPRegen 0.08/turn

%: no passive effects
@: no status effects
A: rugged brown scales 1
a: Renounce Religion, Fiery Armour, Foxfire Swarm, Rising Flame


You were on level 1 of the Dungeon.
You worshipped Ignis.
Ignis was extremely pleased with you.
You visited 1 branch of the dungeon, and saw 1 of its levels.

You collected 29 gold pieces.

Inventory:

Hand Weapons
 a - a -1 spear of flaming (weapon)
Armour
 b - a +0 robe (worn)
 h - a +0 pair of boots
Scrolls
 d - 4 scrolls of identify {unknown}
 e - a scroll of acquirement {unknown}
Potions
 c - a potion of enlightenment {unknown}
 f - a potion of brilliance {unknown}
 g - a potion of heal wounds {unknown}


   Skills:
 - Level 3.0 Fighting
 + Level 3.2 Polearms
 - Level 1.0 Spellcasting
 - Level 2.6 Fire Magic


You had 3 spell levels left.
You didn't know any spells.
Your spell library contained the following spells:

 Spells                   Type           Power      Damage    Failure   Level
 Scorch                   Fire           16%        2d5       13%         2
 Summon Small Mammal      Summ           0%         N/A       26%         1
 Call Canine Familiar     Summ           0%         N/A       61%         3
 Summon Blazeheart Golem  Fire/Summ      4%         N/A       83%         4


Dungeon Overview and Level Annotations

Branches:
Dungeon (1/15)

Altars:


Innate Abilities, Weirdness & Mutations

You are partially covered in rugged brown scales. (AC +1, +3% HP)


Message History

No target in view!
A hobgoblin comes into view.
The hobgoblin shouts!
A bat comes into view.
There are monsters nearby!
A hobgoblin comes into view.
The hobgoblin shouts!
There are monsters nearby!
You reach to attack!
You barely miss the hobgoblin. The bat barely misses you.
There are monsters nearby!
You closely miss the hobgoblin. The bat misses you.
The hobgoblin barely misses you.
There are monsters nearby!
You hit the hobgoblin. You burn the hobgoblin. The bat misses you.
The hobgoblin barely misses you.
There are monsters nearby!
You hit the hobgoblin. You burn the hobgoblin.
You kill the hobgoblin!
There are monsters nearby!
You hit the bat. You burn the bat. The bat closely misses you.
There are monsters nearby!
You completely miss the bat. The bat hits you. The hobgoblin hits you.
There are monsters nearby!
You miss the bat. The bat barely misses you. The hobgoblin hits you.
There are monsters nearby!
You miss the bat. The bat hits you but does no damage.
The hobgoblin misses you.
There are monsters nearby!
You hit the hobgoblin but do no damage.
There are monsters nearby!
You hit the bat. You burn the bat.
You kill the bat!
The hobgoblin hits you.
A hobgoblin is nearby!
You hit the hobgoblin. You burn the hobgoblin.
You kill the hobgoblin!
You have reached level 2!
Your demonic ancestry asserts itself...
Rugged brown scales grow over part of your body.
Are you sure you want to abandon this character and quit the game? (Confirm with "yes".)

..# #...# ##
#.####.#.## #
#.#....#..##
##.#.#####..######
#####..#.#
##.......
#........#
########
#.##...### #
#8.†.8# # ##.@.##
#...# #...# ⌠..$⌠
##...## #...#
#...# 8...8


There were no monsters in sight!

Vanquished Creatures
  2 hobgoblins (D:1)
  A quokka (D:1)
  2 bats (D:1)
  2 frilled lizards (D:1)
  A rat (D:1)
8 creatures vanquished.

Notes
Turn   | Place    | Note
-------+----------+-------------------------------------------
     0 | D:1      | Colgate the Demonspawn Cinder Acolyte began the quest for
                  | the Orb.
     0 | D:1      | Reached XP level 1. HP: 18/18 MP: 2/2
   314 | D:1      | Gained mutation: You are partially covered in rugged brown
                  | scales. (AC +1, +3% HP) [demonic ancestry]
   314 | D:1      | Reached XP level 2. HP: 12/24 MP: 3/3
   314 | D:1      | Quit the game

Illustrated notes

Levels and vault maps discovered:
D:1:      dpeg_arrival_central, layout_basic, serial_corexii_hall,
          corexii_hall_statues_u, corexii_hall_statues_i

Skill      XL: |  1 |
---------------+----+-----
Polearms       | 3 |  3.2
Fighting       | |  3.0
Spellcasting   | |  1.0
Fire Magic     | |  2.6

Action                     || total
---------------------------++-------
  Melee: Spear             ||    27
 Invoke: Fiery Armour      ||     1
 Armour: Robe              ||    12
  Dodge: Dodged            ||    21
